 Dungeon Crawl Stone Soup version 0.26-a0-969-g2c58977ddd (webtiles) character file.

Game seed: 13057645741297513946

37681 Conn the Covert (level 13, -10/88 HPs)
             Began as an Octopode Fire Elementalist on Dec 4, 2020.
             Was a High Priest of Sif Muna.
             Killed from afar by Josephine (32 damage)
             ... with a ghostly fireball
             ... on level 4 of the Lair of Beasts.
             The game lasted 01:17:14 (19506 turns).

Conn the Covert (Octopode Fire Elementalist)       Turns: 19506, Time: 01:17:16

Health: -10/88     AC: 12    Str: 12    XL:     13   Next: 98%
Magic:  31/31      EV: 22    Int: 27    God:    Sif Muna [*****.]
Gold:   255        SH: 14    Dex: 18    Spells: 2/24 levels left

rFire    + + .     SeeInvis .   a - +2 dagger (protect)
rCold    . . .     Faith    .   D - +3 buckler {AC+3}
rNeg     . . .     Spirit   .   e - +1 hat
rPois    .         Reflect  +   o - amulet of reflection
rElec    .         Harm     .   n - +6 ring of intelligence
rCorr    .         Rampage  .   r - ring of fire
MR       .....                  u - +6 ring of dexterity
Stlth    ++++++....             y - ring "Yhuxighad" {MP+9 Str+3}
HPRegen  0.24/turn              s - ring of protection from fire
MPRegen  0.22/turn              K - ring of protection from cold
                                (no ring)
                                (no ring)

@: protection aura, slowed, heavily drained, very slow
A: almost no armour, stealthy swim, amphibious, 8 rings, constrict 8, tentacle
spike 1, repulsion field 1, camouflage 1, mutation resistance 1, gelatinous body
1
a: Channel Magic, Forget Spell, Divine Exegesis, Renounce Religion


You were on level 4 of the Lair of Beasts.
You worshipped Sif Muna.
Sif Muna was extremely pleased with you.
You visited 2 branches of the dungeon, and saw 16 of its levels.
You also visited: Sewer and Ossuary.

You collected 986 gold pieces.
You spent 731 gold pieces at shops.

Inventory:

Hand Weapons
 a - a +2 dagger of protection (weapon)
 M - the +8 whip "Snakebite" {curare, rPois}
   (You found it on level 3 of the Lair of Beasts)

   It poisons the flesh of those it strikes.
   It protects you from poison.
Missiles
 c - 38 poisoned darts (quivered)
Armour
 e - a +1 hat (worn)
 D - a +3 buckler of protection (worn)
Magical Staves
 b - an uncursed staff of fire
 F - an uncursed staff of poison
Jewellery
 j - an uncursed amulet of regeneration
 n - a +6 ring of intelligence (left tentacle)
 o - an amulet of reflection (around mantle)
 r - a ring of fire (right tentacle)
 s - a ring of protection from fire (on tentacle)
 u - a +6 ring of dexterity (on tentacle)
 y - the ring "Yhuxighad" (on tentacle) {MP+9 Str+3}
   (You found it on level 12 of the Dungeon)

   [ring of magical power]

   It affects your strength (+3).
   It affects your magic capacity (+9).
 z - an uncursed ring of magical power {unknown}
 K - a ring of protection from cold (on tentacle)
Wands
 p - a wand of iceblast (10)
 x - a wand of disintegration (29)
 A - a wand of random effects (24)
 H - a wand of flame (14)
 L - a wand of polymorph (5)
Scrolls
 f - 3 scrolls of blinking
 g - 2 scrolls of remove curse
 i - 18 scrolls of identify
 k - 7 scrolls of teleportation
 w - a scroll of fear
 B - a scroll of brand weapon
 E - 3 scrolls of amnesia
Potions
 d - 4 potions of mutation
 h - 2 potions of attraction
 l - 2 potions of curing
 m - 2 potions of berserk rage
 q - a potion of degeneration
 t - 5 potions of might
 C - a potion of brilliance
 G - 3 potions of heal wounds
 I - 6 potions of ambrosia
 J - a potion of cancellation
Miscellaneous
 N - a phantom mirror (inert)


   Skills:
 + Level 8.1(6.3) Fighting
 - Level 8.2(6.4) Short Blades
 + Level 1.5(0.0) Maces & Flails
 + Level 0.5(0.0) Throwing
 + Level 11.3(9.3) Dodging
 + Level 13.1(11.0) Stealth
 + Level 8.6(6.7) Shields
 + Level 6.0(4.3) Spellcasting
 * Level 6.5(4.8) Conjurations
 + Level 0.1(0.0) Hexes
 + Level 1.4(0.0) Translocations
 * Level 7.8(6.0) Fire Magic
 + Level 3.5(1.9) Invocations
 + Level 0.8(0.0) Evocations


You had 2 spell levels left.
You knew the following spells:

 Your Spells              Type           Power        Failure   Level
a - Foxfire               Conj/Fire      ####         1%          1
b - Conjure Flame         Conj/Fire      ######..     2%          3
c - Inner Flame           Hex/Fire       ####....     7%          3
d - Searing Ray           Conj           ####..       1%          2
e - Sticky Flame          Conj/Fire      ######..     9%          4
f - Iskenderun's Mystic   Conj/Tloc      ###.....     28%         4
g - Fireball              Conj/Fire      ######....   22%         5

Your spell library contained the following spells:

 Spells                   Type           Power        Failure   Level
 Magic Dart               Conj           ####         1%          1
 Animate Skeleton         Necr           #.....       8%          1
 Apportation              Tloc           #.....       8%          1
 Beastly Appendage        Tmut           #.....       8%          1
 Corona                   Hex            #......      8%          1
 Summon Small Mammal      Summ           #...         8%          1
 Passwall                 Tmut/Erth      #.......     12%         2
 Sublimation of Blood     Necr           #.........   12%         2
 Wereblood                Tmut           #.......     12%         2
 Dazzling Flash           Conj/Hex       ###...       9%          3
 Ignite Poison            Fire/Tmut/Pois ####....     10%         3
 Spider Form              Tmut/Pois      #.........   24%         3
 Fulminant Prism          Conj/Hex       ###.......   28%         4
 Iskenderun's Battlesphe  Conj           ####....     30%         5
 Bolt of Magma            Conj/Fire/Erth #####.....   43%         5
 Ice Form                 Ice/Tmut       #.......     61%         4
 Leda's Liquefaction      Hex/Erth       #.........   61%         4
 Petrify                  Tmut/Erth      #.......     61%         4
 Irradiate                Conj/Tmut      ###.......   63%         5
 Starburst                Conj/Fire      ######....   77%         6
 Alistair's Intoxication  Tmut/Pois      #........    91%         5
 Blade Hands              Tmut           #.........   91%         5
 Borgnjor's Vile Clutch   Necr/Erth      #.........   91%         5
 Lee's Rapid Deconstruct  Erth           #.........   91%         5
 Metabolic Englaciation   Hex/Ice        #.........   91%         5
 Yara's Violent Unravell  Hex/Tmut       #.........   91%         5
 Freezing Cloud           Conj/Ice/Air   ##........   99%         6
 Iron Shot                Conj/Erth      ###.......   99%         6
 Eringya's Noxious Bog    Tmut/Pois      #.........   100%        6
 Ozocubu's Refrigeration  Ice            #.........   100%        6
 Simulacrum               Ice/Necr       #.........   100%        6
 Statue Form              Tmut/Erth      #........    100%        6
 Orb of Destruction       Conj           ####......   100%        7
 Spellforged Servitor     Conj/Summ      ###.......   100%        7
 Fire Storm               Conj/Fire      ######....   100%        9


Dungeon Overview and Level Annotations

Branches:
Dungeon (12/15)            Temple (0/1) D:6            Lair (4/6) D:11
 Shoals (0/4) Lair:3        Snake (0/4) Lair:3        Sewer (visited)
Ossuary (visited)
    Orc: D:9-12

Altars:
Cheibriados
Elyvilon
Fedhas
Gozag
Hepliaklqana
Okawaru
Ru
Sif Muna
Trog
Uskayaw
Xom
Yredelemnul

Shops:
D:5 *   D:9 *

Annotations:
Lair:4 Josephine


Innate Abilities, Weirdness & Mutations

You cannot wear most types of armour.
You are very stealthy in the water. (Stealth+)
You are amphibious.
You can wear up to eight rings at the same time.
You can use your tentacles to constrict eight enemies at once.
Your skin changes colour to match your surroundings (Stealth+).
Your rubbery body absorbs attacks. (AC +1, EV +1)
One of your tentacles bears a spike.
You are surrounded by a mild repulsion field. (EV +2)
You are somewhat resistant to further mutation.


Message History

The wraith completely resists.
The ghostly fireball engulfs the wraith.
The wraith completely resists.
The ghostly fireball engulfs the wraith.
The wraith completely resists.
The wraith barely misses you. You block the wraith's attack.
The wraith hits you but does no damage.
Evoke which item? (* to show all) (? for menu, Esc to quit)
Aiming: Corrosive Bolt
Press: ? - help, Shift-Dir - straight line, f - Josephine
Aim: Josephine, wielding a +0 dagger and wearing a +2 robe (severely wounded, constricted by you, 0% to evade)
The bolt of acid hits Josephine but does no damage.
Josephine is severely wounded.
The now-empty wand crumbles to dust.
You constrict Josephine! Josephine completely misses you.
The wraith misses you. You block the wraith's attack.
The wraith barely misses you.
Josephine grins malevolently.
Josephine points at you and mumbles some strange words.
The ghostly flame explodes!
The ghostly fireball engulfs you!!
You feel drained.
You die...

#.....##***,**,***,,***
#......# ****** **** *
##.....## * #......P# *
##......# * #.....P# ***
#....W.#**** *** *,***
#....@##*,,****,****,*,
#....W@#**,,,,,,,,,,,,,
#....WW##**,,,,,,,,,,,,
#........,,,,,,,,,,,,,,
#........,,,,,,,,,,,,,,
##.........,,*,,**,***,,
#..........>,*****,* ***
##.....#.##..* ***
#......##.*### **** **
#P....##*** *,,***,


You could see Josephine and 4 wraiths.

Vanquished Creatures
  6 hydras
  A boulder beetle (D:12)
  2 catoblepae
  2 two-headed ogres
  3 death yaks
  An unseen horror (D:11)
  4 ugly things
  A mana viper (shapeshifter) (D:11)
  A cyclops (D:11)
  A merfolk siren (Lair:3)
  3 black mambas
  11 cane toads
  2 centaur zombies
  A rime drake (Lair:3)
  Maggie (Lair:1)
  3 komodo dragons
  2 trolls (D:11)
  3 meliai (Lair:4)
  A polar bear (Lair:2)
  A queen bee (Lair:4)
  A hornet (Lair:3)
  6 blink frogs
  6 dream sheep (Lair:4)
  7 wyverns
  A vampire (D:12)
  2 wraiths
  A basilisk (D:11)
  14 yaks
  2 vampire mosquitoes (D:12)
  A steam dragon (Lair:3)
  3 nagas (Lair:3)
  Duvessa (D:5)
  14 water moccasins
  3 floating eyes (D:12)
  5 orc warriors
  2 ice beasts
  Purgy (Sewer)
  4 sky beasts
  A hornet zombie (D:8)
  6 phantoms
  8 ogres
  18 wolves
  7 centaurs
  A necrophage (D:6)
  A big kobold (D:11)
  15 bullfrogs
  6 water moccasin zombies (Ossuary)
  Dowan (D:5)
  6 scorpions
  22 killer bees (Lair:4)
  2 electric eels (D:6)
  A wight (D:12)
  3 howler monkeys
  A quasit (D:9)
  2 centaur skeletons
  2 hounds
  11 orc priests
  8 jellies
  Terence (D:3)
  Jessica (D:2)
  7 worker ants
  2 iguanas
  13 orc wizards
  5 hell rats (Lair:1)
  3 big kobold zombies (Ossuary)
  2 hound skeletons
  2 mummies (Ossuary)
  A worker ant zombie (D:9)
  8 gnolls
  2 howler monkey skeletons
  19 adders
  2 shadow imps
  2 white imps
  4 oozes
  5 adder zombies
  4 worms
  A dart slug (D:2)
  8 leopard geckos
  46 orcs
  18 bats
  10 giant cockroaches
  5 goblins
  3 hobgoblins
  19 jackals
  A quokka (D:10)
  A ball python (D:5)
  5 frilled lizards
  5 gnoll zombies (Ossuary)
  5 hobgoblin zombies (Ossuary)
  8 kobolds
  2 kobold zombies (Ossuary)
  A leopard gecko skeleton (D:4)
  7 orc zombies (Ossuary)
  3 rats
477 creatures vanquished.

Vanquished Creatures (collateral kills)
  A death yak (Lair:3)
  3 foxfires
4 creatures vanquished.

Vanquished Creatures (others)
  2 bushes (D:11)
  656 foxfires
  34 fungi
  63 plants
755 creatures vanquished.

Grand Total: 1236 creatures vanquished

Notes
Turn   | Place    | Note
-------+----------+-------------------------------------------
     0 | D:1      | Conn the Octopode Fire Elementalist began the quest for the
                  | Orb.
     0 | D:1      | Reached XP level 1. HP: 11/11 MP: 3/3
   220 | D:1      | Reached skill level 3 in Stealth
   248 | D:1      | Reached XP level 2. HP: 17/17 MP: 3/5
  1114 | D:2      | Reached XP level 3. HP: 21/21 MP: 3/6
  1118 | D:2      | Learned a level 3 spell: Conjure Flame
  1119 | D:2      | Reached skill level 4 in Stealth
  1451 | D:2      | Gained mutation: One of your tentacles bears a spike.
                  | [potion of mutation]
  1451 | D:2      | Gained mutation: You are surrounded by a mild repulsion
                  | field. (EV +2) [potion of mutation]
  1451 | D:2      | Gained mutation: You are somewhat resistant to further
                  | mutation. [potion of mutation]
  1946 | D:2      | Reached XP level 4. HP: 27/27 MP: 4/7
  2117 | D:2      | Reached skill level 5 in Stealth
  2269 | D:2      | Found a shimmering blue altar of Sif Muna.
  2271 | D:2      | Found a bloodstained altar of Trog.
  2272 | D:2      | Found an iron altar of Okawaru.
  2277 | D:2      | Became a worshipper of Sif Muna the Loreminder
  2385 | D:2      | Noticed Jessica
  2393 | D:2      | Killed Jessica
  2394 | D:2      | Reached XP level 5. HP: 24/32 MP: 8/8
  2530 | D:3      | Noticed Terence
  2546 | D:3      | Killed Terence
  2625 | D:3      | Reached skill level 1 in Short Blades
  2896 | D:3      | Reached skill level 6 in Stealth
  3286 | D:4      | Reached * piety under Sif Muna
  3308 | D:4      | Reached XP level 6. HP: 37/37 MP: 3/9
  3321 | D:4      | Learned a level 3 spell: Inner Flame
  3417 | D:4      | Found a sand-covered staircase.
  3422 | Ossuary  | Entered an ossuary
  3495 | Ossuary  | Reached skill level 7 in Stealth
  3538 | Ossuary  | Reached skill level 1 in Fighting
  3538 | Ossuary  | Reached skill level 1 in Invocations
  3563 | Ossuary  | Reached XP level 7. HP: 40/43 MP: 10/10
  3581 | Ossuary  | Reached skill level 8 in Stealth
  3606 | Ossuary  | Reached ** piety under Sif Muna
  3932 | D:4      | Reached skill level 5 in Dodging
  3932 | D:4      | Reached XP level 8. HP: 47/48 MP: 9/11
  4047 | D:5      | Entered Level 5 of the Dungeon
  4110 | D:5      | Found a glowing drain.
  4114 | Sewer    | Entered a sewer
  4141 | Sewer    | Noticed Purgy
  4164 | Sewer    | Killed Purgy
  4165 | Sewer    | Reached skill level 9 in Stealth
  4183 | Sewer    | Learned a level 2 spell: Searing Ray
  4283 | D:5      | Found Eqyew's Assorted Antiques.
  4316 | D:5      | Bought a blackened copper wand for 104 gold pieces
  4455 | D:5      | Found an opulent altar of Gozag.
  5187 | D:5      | Noticed Duvessa
  5187 | D:5      | Noticed Dowan
  5207 | D:5      | Killed Duvessa
  5233 | D:5      | Killed Dowan
  5454 | D:5      | Found a shimmering altar of Xom.
  5723 | D:6      | Reached skill level 10 in Stealth
  5861 | D:6      | Reached XP level 9. HP: 45/55 MP: 10/12
  6007 | D:6      | Found a staircase to the Ecumenical Temple.
  6275 | D:6      | Reached *** piety under Sif Muna
  6725 | D:7      | Found a white marble altar of Elyvilon.
  6838 | D:7      | Found a sacrificial altar of Ru.
  7443 | D:8      | Reached skill level 5 in Short Blades
  7509 | D:8      | Found a snail-covered altar of Cheibriados.
  8153 | D:8      | Found a hazy altar of Hepliaklqana.
  8153 | D:8      | Found a blossoming altar of Fedhas.
  8434 | D:9      | Reached **** piety under Sif Muna
  8481 | D:9      | Found Tesil's General Store.
  8528 | D:9      | Reached XP level 10. HP: 64/64 MP: 13/13
  8581 | D:9      | Reached skill level 5 in Fighting
  8720 | D:9      | You fall into a shaft and drop 1 floor!
  8720 | D:10     | Entered Level 10 of the Dungeon
  8725 | D:10     | Reached skill level 11 in Stealth
  8731 | D:10     | Noticed a two-headed ogre
  8872 | D:11     | Learned a level 4 spell: Sticky Flame
  8914 | D:11     | Noticed an unseen horror
  8917 | D:11     | Killed an unseen horror
  9048 | D:11     | HP: 3/68 [yak (14)]
  9257 | D:11     | Noticed a purple ugly thing
  9283 | D:11     | Killed a purple ugly thing
  9435 | D:11     | Found a staircase to the Lair.
  9918 | D:11     | Identified a scroll of acquirement
  9918 | D:11     | Acquired a +2 buckler of protection
  9978 | D:11     | Noticed a cyclops
  9985 | D:11     | Noticed a fire crab
  9985 | D:11     | a shapeshifter changed into a fire crab
 10185 | D:12     | Noticed a four-headed hydra
 10224 | D:12     | Noticed a boulder beetle
 10242 | D:12     | Noticed a two-headed ogre
 10256 | D:12     | Killed a two-headed ogre
 10257 | D:12     | Reached skill level 1 in Shields
 10257 | D:12     | Reached XP level 11. HP: 73/74 MP: 16/16
 10265 | D:12     | Noticed a red ugly thing
 10280 | D:12     | Killed a red ugly thing
 10329 | D:12     | Noticed a green ugly thing
 10336 | D:12     | Paralysed by a floating eye for 4 turns
 10349 | D:12     | Killed a green ugly thing
 10373 | D:12     | Noticed a white ugly thing
 10709 | D:12     | Reached ***** piety under Sif Muna
 10721 | D:12     | Paralysed by a floating eye for 2 turns
 10730 | D:12     | Killed a white ugly thing
 10746 | D:12     | Got a wavering turquoise ring
 10747 | D:12     | Identified the ring "Yhuxighad" {MP+9 Str+3} (You found it
                  | on level 12 of the Dungeon)
 10834 | D:12     | Identified Kuofalla's Volume of the Shifting Blaze (Sif
                  | Muna gifted it to you on level 12 of the Dungeon)
 10834 | D:12     | Received a gift from Sif Muna
 10841 | D:12     | Learned a level 4 spell: Iskenderun's Mystic Blast
 10950 | D:12     | Noticed a boulder beetle
 10953 | D:12     | Killed a boulder beetle
 11019 | D:12     | HP: 3/75 [four-headed hydra (17)]
 11038 | D:12     | HP: 3/75 [four-headed hydra (4)]
 11392 | D:12     | Killed a four-headed hydra
 11393 | D:12     | Reached skill level 10 in Dodging
 12064 | D:11     | Reached skill level 5 in Shields
 12178 | D:11     | Killed a cyclops
 12179 | D:11     | Reached XP level 12. HP: 77/81 MP: 18/18
 12336 | D:9      | Bought a scroll of acquirement for 572 gold pieces
 12336 | D:9      | Bought a potion of heal wounds for 55 gold pieces
 12337 | D:9      | Acquired an uncursed staff of fire
 12401 | D:9      | Found a hide-covered altar of Uskayaw.
 12982 | D:10     | Killed a two-headed ogre
 13623 | D:10     | Received a gift from Sif Muna
 13624 | D:10     | Reached skill level 5 in Fire Magic
 14216 | Lair:1   | Entered Level 1 of the Lair of Beasts
 14226 | Lair:1   | Noticed a four-headed hydra
 14228 | Lair:1   | Killed a four-headed hydra
 14594 | Lair:1   | Noticed a six-headed hydra
 14621 | Lair:1   | Killed a six-headed hydra
 14765 | Lair:1   | Noticed Maggie
 14785 | Lair:1   | Killed Maggie
 14869 | Lair:1   | Reached skill level 12 in Stealth
 14921 | Lair:1   | Reached skill level 5 in Spellcasting
 14930 | Lair:1   | Found a basalt altar of Yredelemnul.
 15363 | Lair:2   | Noticed a four-headed hydra
 15380 | Lair:2   | Killed a four-headed hydra
 15392 | Lair:2   | Reached XP level 13. HP: 33/88 MP: 20/20
 16539 | Lair:3   | Reached skill level 5 in Conjurations
 16959 | Lair:3   | Identified Sif Muna's Tome of Clay and the Volcanoes (Sif
                  | Muna gifted it to you on level 3 of the Lair of Beasts)
 16959 | Lair:3   | Received a gift from Sif Muna
 16967 | Lair:3   | Learned a level 5 spell: Fireball
 17100 | Lair:3   | Found a staircase to the Snake Pit.
 17456 | Lair:3   | Found a staircase to the Shoals.
 17717 | Lair:3   | Found the +8 whip "Snakebite" {curare, rPois}
 18430 | Lair:3   | Reached skill level 13 in Stealth
 19015 | Lair:4   | Reached skill level 1 in Maces & Flails
 19047 | Lair:4   | Reached skill level 1 in Translocations
 19475 | Lair:4   | Noticed Josephine
 19506 | Lair:4   | Killed from afar by Josephine

Illustrated notes

Levels and vault maps discovered:
D:1:      scummos_arrival_simple_fountains, layout_basic,
          minmay_misc_feat_square
D:2:      layout_loops_cross, gammafunk_temple_overflow_forgotten,
          serial_forest, infiniplex_forest_straight_2,
          infiniplex_forest_clump_small, infiniplex_forest_clump_double,
          infiniplex_forest_straight_4, infiniplex_forest_end_1,
          infiniplex_forest_side_room, infiniplex_forest_lined_3_way,
          infiniplex_forest_3_way, uniq_jessica
D:3:      layout_basic, uniq_terence
D:4:      layout_cave_pools, nicolae_ossuary_entry_plus, serial_bayou_lake_a
D:5:      layout_basic, overflow_temple_1_default,
          nicolae_overflow_crystal_walls, gup_sewer_entry_bowl, serial_shops,
          shop, uniq_duvessa
D:6:      layout_cave_pools, minmay_temple_entry_waves, serial_bayou,
          serial_bayou_pond_b, serial_bayou_lagoon_b, serial_bayou_pond_a,
          serial_bayou_lagoon_a
D:7:      layout_basic, elyvilon_altar_5, nicolae_ru_sacrificial_ziggurat
D:8:      layout_loops_cross, gammafunk_temple_overflow_elements, basic_altar
D:9:      layout_rooms, eat_drink_and_be_merry_uskayaw, serial_shops, shop
D:10:     layout_rooms
D:11:     layout_basic, minmay_lair_entry_grove, hangedman_abyss_or_decor_slice,
          evilmike_butchery
D:12:     layout_loops_ring, orc_david_3, onia_ninara_cookie, uniq_frances
Lair:1:   layout_loops_ring, minivault_11, lemuel_altar_in_water2, uniq_maggie
Lair:2:   layout_misc_corridors, infiniplex_staircase_pool_2
Lair:3:   minmay_guarded_unrand_snakebite, layout_loops_ring,
          minmay_shoals_entry_lonely_mermaid, guppyfry_snake_entry_island,
          grunt_megastairs_3
Lair:4:   layout_cellular_growth, basic_altar, special_room [special_room_bee],
          nicolae_quartered_pool_little, uniq_josephine

Skill      XL: |  1  2  3  4  5  6  7  8  9 10 11 12 13 |
---------------+----------------------------------------+-----
Stealth        | 3 4 5 6 7 8 10 11 12 13 | 13.1
Dodging        | 3 4 5 6 7 9 10 11 | 11.3
Short Blades   | 1 2 4 5 7 8 |  8.2
Fighting       | 1 2 4 6 7 8 |  8.1
Invocations    | 1 2 3 |  3.5
Spellcasting   | 3 4 5 6 |  6.0
Fire Magic     | 4 6 7 |  7.8
Shields        | 1 5 7 8 |  8.6
Conjurations   | 2 4 6 |  6.5
Maces & Flails | 1 |  1.5
Translocations | 1 |  1.4
Throwing       | |  0.5
Hexes          | |  0.1
Evocations     | |  0.8

Action                   |  1- 3 |  4- 6 |  7- 9 | 10-12 | 13-15 || total
-------------------------+-------+-------+-------+-------+-------++-------
Melee: Short sword       |     9 |       |       |       |       ||     9
       Constrict         |     3 |    30 |    54 |    80 |    29 ||   196
       Dagger            |     3 |   117 |   419 |   773 |   234 ||  1546
       Tentacles         |     1 |    23 |    81 |   196 |    85 ||   386
       Kick              |       |    31 |   117 |   320 |   125 ||   593
       Whip              |       |       |       |       |    68 ||    68
Throw: Dart              |       |       |     7 |       |       ||     7
 Cast: Foxfire           |    63 |    38 |    85 |   143 |    54 ||   383
       Inner Flame       |       |       |     2 |       |       ||     2
       Conjure Flame     |       |       |     2 |     7 |     3 ||    12
       Searing Ray       |       |       |       |    12 |     5 ||    17
       Sticky Flame      |       |       |       |     8 |    16 ||    24
       Iskenderun's Myst |       |       |       |     4 |     8 ||    12
       Fireball          |       |       |       |       |     5 ||     5
Evoke: Wand              |       |       |       |     9 |     1 ||    10
       Phantom mirror    |       |       |       |       |     1 ||     1
  Use: Potion            |     3 |       |     6 |     9 |     3 ||    21
       Scroll            |     1 |     3 |     6 |     9 |     5 ||    24
 Stab: Sleeping          |     6 |     7 |    28 |    18 |    13 ||    72
       Invisible         |       |       |       |     7 |       ||     7
       Petrified         |       |       |       |       |     1 ||     1
Armor: Skin              |     1 |    22 |    67 |    57 |    15 ||   162
Dodge: Dodged            |    21 |    99 |   266 |   419 |   179 ||   984
Block: Buckler           |       |       |       |   335 |   182 ||   517
       Other             |       |       |       |     6 |       ||     6
       Reflection        |       |       |       |    20 |     1 ||    21

Table legend: (Time is in decaauts)
 A = Elapsed time spent in this place.
 B = Non-inter-level travel time spent in this place.
 C = Inter-level travel time spent in this place.
 D = Time resting spent in this place.
 E = Time spent auto-exploring this place.
 F = Levels seen in this place.
 G = Mean time per level.
                   A        B        C        D        E       F      G
               +--------+--------+--------+--------+--------+-----+--------+
         Total |  19024 |  18663 |    361 |   4204 |   8160 |  18 | 1056.9 |
       Dungeon |  13530 |  13236 |    294 |   2474 |   6256 |  12 | 1127.5 |
          Lair |   5117 |   5050 |     67 |   1699 |   1904 |   4 | 1279.2 |
         Sewer |    146 |    146 |      0 |      2 |      0 |   1 |  146.0 |
       Ossuary |    229 |    229 |      0 |     29 |      0 |   1 |  229.0 |
               +--------+--------+--------+--------+--------+-----+--------+

Top non-repeatable levels by time:
    D:11: 2391 daAuts
  Lair:3: 2249 daAuts
    D:12: 1483 daAuts
     D:2: 1394 daAuts
  Lair:2: 1256 daAuts
     D:1: 1098 daAuts
    D:10: 1042 daAuts
     D:5: 1003 daAuts
  Lair:1: 976 daAuts
     D:4: 941 daAuts
     D:7: 880 daAuts
     D:8: 876 daAuts
     D:6: 848 daAuts
     D:9: 793 daAuts
     D:3: 776 daAuts
